 Dungeon Crawl Stone Soup version 0.22-a0-443-g17c3723 (webtiles) character file.

249029 mhoghedin the Spry (level 20, 0/131 HPs)
             Began as a Kobold Fighter on May 6, 2018.
             Was the Champion of Okawaru.
             Slain by a deep troll (9 damage)
             ... led by an ironheart preserver
             ... on level 2 of the Vaults on June 1, 2018.
             The game lasted 02:11:34 (38860 turns).

mhoghedin the Spry (Kobold Fighter)                Turns: 38860, Time: 02:11:34

Health: 0/131      AC: 25    Str: 25    XL:     20   Next: 37%
Magic:  27/30      EV: 31    Int: 10    God:    Okawaru [******]
Gold:   1594       SH: 16    Dex: 17    Spells: 19/19 levels left

rFire    . . .     SeeInvis +   d - +9 demon blade (elec)
rCold    . . .     Gourm    .   c - +0 shield
rNeg     + . .     Faith    .   Y - +0 swamp dragon scales
rPois    +         Spirit   .   O - +2 helmet {SInv}
rElec    .         Reflect  .   j - scarf {cloud immunity}
rCorr    .         Harm     .   T - +2 pair of gloves {Str+3}
MR       ++...                  V - +2 pair of boots {run}
Stlth    ++........             Z - amulet of regeneration {+regen, !d}
HPRegen  0.71/turn              R - ring of Totiegatz {rN+ MR+}
MPRegen  0.22/turn              D - +3 ring of strength

@: about to teleport, heroism, marked, berserk cooldown, slowed, very slow
A: small, slimy green scales 1, carnivore, mutation resistance 1, sturdy frame 1
}: 2/15 runes: decaying, gossamer
a: Heroism, Finesse, Renounce Religion


You were on level 2 of the Vaults.
You worshipped Okawaru.
Okawaru was exalted by your worship.
You were very full.

You visited 6 branches of the dungeon, and saw 33 of its levels.
You also visited: Labyrinth and Ice Cave.

You collected 2894 gold pieces.
You spent 1300 gold pieces at shops.

Inventory:

Hand Weapons
 d - a +9 demon blade of electrocution (weapon)
   (You found it on level 7 of the Dungeon)
 G - the +5 scimitar of Recklessness {holy, Int+2}
   (Okawaru gifted it to you on level 1 of the Spider Nest)

   It has been blessed by the Shining One to cause great damage to the undead
   and demons.
   It affects your intelligence (+2).
Missiles
 z - 2 throwing nets {=f, !d}
Armour
 a - the +1 pair of boots of Joy {-Cast *Corrode rF+++ Int+5}
   (Okawaru gifted it to you on level 4 of the Spider Nest)

   It affects your intelligence (+5).
   It renders you almost immune to fire.
   It prevents spellcasting.
   It may corrode you when you take damage.
 c - a +0 shield (worn)
 j - a scarf of cloud immunity (worn)
   (You acquired it on level 1 of the Swamp)
 O - a +2 helmet of see invisible (worn)
   (Okawaru gifted it to you on level 2 of the Lair of Beasts)
 T - a +2 pair of gloves of strength (worn)
   (Okawaru gifted it to you on level 3 of the Spider Nest)
 V - a +2 pair of boots of running (worn)
   (You acquired it on level 2 of the Orcish Mines)
 Y - +0 swamp dragon scales (worn)
   (You found it on level 4 of the Swamp)
Jewellery
 b - an uncursed ring of ice {rC+, rF-}
   (You found it on level 9 of the Dungeon)
 D - a +3 ring of strength (right hand)
   (You found it in a labyrinth)
 K - an uncursed ring of flight {+Fly, !d}
   (You found it on level 3 of the Swamp)
 R - the ring of Totiegatz (left hand) {rN+ MR+}
   (You found it on level 2 of the Swamp)

   [ring of positive energy]

   It protects you from negative energy.
   It affects your resistance to hostile enchantments.
 S - an uncursed ring of protection from magic {MR+, !d}
   (You found it on level 3 of the Swamp)
 Z - an amulet of regeneration (around neck) {+regen, !d}
   (You found it on level 3 of the Swamp)
Wands
 g - a wand of polymorph (25)
   (You found it on level 10 of the Dungeon)
 h - a wand of paralysis (34)
   (You found it on level 7 of the Dungeon)
 A - a wand of enslavement (48)
   (You found it on level 5 of the Dungeon)
 E - a wand of acid (13)
   (You found it on level 9 of the Dungeon)
 J - a wand of digging (8)
   (You found it on level 1 of the Lair of Beasts)
 M - a wand of iceblast (3)
   (You found it on level 12 of the Dungeon)
 P - a wand of flame (205)
   (You found it on level 2 of the Lair of Beasts)
 W - a wand of random effects (39)
   (You found it on level 13 of the Dungeon)
Scrolls
 l - 4 scrolls of blinking {!r}
 m - 7 scrolls of enchant weapon
 s - 5 scrolls of fog
 t - 14 scrolls of remove curse
 v - 4 scrolls of fear
 w - 2 scrolls of immolation {!r}
 x - 7 scrolls of teleportation
 y - 5 scrolls of identify
 C - 8 scrolls of amnesia
 N - a scroll of vulnerability {!r!r}
 U - 2 scrolls of silence
 X - a scroll of summoning
Potions
 e - 2 potions of cancellation
 k - 11 potions of haste
 n - 8 potions of heal wounds
 o - a potion of flight {unknown}
 p - 3 potions of ambrosia
 q - 3 potions of agility
 r - 3 potions of curing
 u - a potion of invisibility
 B - a potion of mutation {!q}
 F - a potion of berserk rage {!q}
 H - 5 potions of brilliance
 I - 3 potions of magic
 Q - a potion of resistance
Miscellaneous
 L - a lightning rod (4/4)
   (You found it on level 1 of the Lair of Beasts)
Comestibles
 f - 33 rations
 i - 4 chunks of flesh {@w0}


   Skills:
 + Level 15.7(20.7) Fighting
 - Level 11.1(16.1) Long Blades
   Level 6.5(11.5) Maces & Flails
 + Level 12.3(17.3) Armour
 + Level 16.6(21.6) Dodging
 + Level 12.3(17.3) Shields
 - Level 8.4 Invocations
 - Level 14.3 Evocations


You had 19 spell levels left.
You didn't know any spells.
Your spell library contained the following spells:

 Spells                   Type           Power        Failure   Level  Hunger
 Cause Fear               Hex            #.........   99%         4    #####..
 Magic Dart               Conj           #...         52%         1    ##.....
 Conjure Flame            Conj/Fire      #.......     88%         3    ####...
 Lightning Bolt           Conj/Air       #.........   100%        5    ######.
 Slow                     Hex            #.......     67%         2    ###....
 Throw Frost              Conj/Ice       #.....       67%         2    ###....
 Freezing Cloud           Conj/Ice/Air   #.........   100%        6    #######
 Mephitic Cloud           Conj/Pois/Air  #.......     88%         3    ####...
 Ring of Flames           Chrm/Fire      #.........   100%        7    #######
 Bolt of Draining         Conj/Necr      #.........   100%        5    ######.
 Blink                    Tloc           N/A          67%         2    ###....
 Freeze                   Ice            #...         52%         1    ##.....
 Summon Ice Beast         Ice/Summ       #.......     99%         4    #####..
 Ozocubu's Armour         Chrm/Ice       #.......     88%         3    ####...
 Call Imp                 Summ           #.......     67%         2    ###....
 Dispel Undead            Necr           #.......     100%        5    ######.
 Regeneration             Chrm/Necr      #.........   88%         3    ####...
 Sublimation of Blood     Necr           #.........   67%         2    ###....
 Corpse Rot               Necr           N/A          67%         2    ###....
 Stone Arrow              Conj/Erth      #.....       88%         3    ####...
 Shock                    Conj/Air       #...         52%         1    ##.....
 Swiftness                Chrm/Air       #.......     67%         2    ###....
 Agony                    Necr           #.......     100%        5    ######.
 Throw Icicle             Conj/Ice       #.......     99%         4    #####..
 Airstrike                Air            #.........   99%         4    #####..
 Passwall                 Tmut/Erth      #.......     67%         2    ###....
 Static Discharge         Conj/Air       #.......     88%         3    ####...
 Corona                   Hex            #......      52%         1    ##.....
 Lee's Rapid Deconstruct  Erth           #.........   100%        5    ######.
 Sandblast                Erth           #.....       52%         1    ##.....
 Excruciating Wounds      Chrm/Necr      #.........   100%        5    ######.
 Portal Projectile        Hex/Tloc       #.....       88%         3    ####...
 Petrify                  Tmut/Erth      #.......     99%         4    #####..
 Leda's Liquefaction      Hex/Erth       #.........   99%         4    #####..
 Shroud of Golubria       Chrm/Tloc      #.........   67%         2    ###....
 Inner Flame              Hex/Fire       #.......     88%         3    ####...
 Infusion                 Chrm           #...         52%         1    ##.....
 Song of Slaying          Chrm           #.......     67%         2    ###....
 Spectral Weapon          Hex/Chrm       #.......     88%         3    ####...
 Poisonous Vapours        Pois/Air       #.....       67%         2    ###....


Dungeon Overview and Level Annotations

Branches:
Dungeon (15/15)            Temple (0/1) D:6            Lair (6/6) D:10
  Swamp (4/4) Lair:3       Spider (4/4) Lair:3        Slime (0/5) Lair:5
    Orc (2/2) D:10            Elf (0/3) Orc:2        Vaults (2/5) D:13
 Depths (0/5) D:15
  Crypt: Vaults:2-3

Altars:
Cheibriados
Elyvilon
Fedhas
Gozag
Nemelex Xobeh
Okawaru
Trog
Vehumet
Zin
The Shining One
Beogh

Shops:
D:5 ?   D:15 ?   Orc:2 ((*?   Vaults:1 ?

Annotations:
Swamp:4 exclusion: Roxanne, Roxanne


Innate Abilities, Weirdness & Mutations

You are small and have problems with some larger weapons.
You are carnivorous and can eat meat at any time.
You are partially covered in slimy green scales. (AC +2)
You are somewhat resistant to further mutation.
Your movements are slightly less encumbered by armour. (ER -2)


Message History

You slash the shadow wraith! You block the freezing wraith's attack.
The freezing wraith barely misses you.
A deep elf archer comes into view. It is wielding a short sword.
You block the deep troll's attack. x3
You slice the shadow wraith!! The warg misses you.
You block the shadow wraith's attack.
You slash the shadow wraith!
The freezing wraith completely misses you.
You block the freezing wraith's attack.
The deep troll completely misses you. x2
The deep troll barely misses you.
You slice the shadow wraith!!
Lightning courses through the shadow wraith!
You destroy the shadow wraith!
Okawaru accepts your kill. The warg misses you.
You riposte.
You slice the warg!! Lightning courses through the warg!
You kill the warg!
Okawaru accepts your kill. You block the cyclops's attack.
You slice the ironheart preserver!!
The freezing wraith completely misses you.
You riposte.
You barely miss the freezing wraith.
The freezing wraith completely misses you.
You carve the ironheart preserver like a ham!!!
You block the deep troll's attack. x3
You slice the ironheart preserver!! The ironheart preserver misses you.
You riposte.
You slice the ironheart preserver!!
Lightning courses through the ironheart preserver!
You kill the ironheart preserver!
Okawaru accepts your kill. The cyclops barely misses you.
You slash the deep troll!
Lightning courses through the deep troll!
The freezing wraith completely misses you.
You block the freezing wraith's attack. The ogre barely misses you.
You block the deep troll's attack.
The deep troll claws you but does no damage.
You block the deep troll's attack.
You barely miss the deep troll.
A skeletal warrior comes into view.
It is wielding a scimitar of protection.
You hit the deep troll.
You are no longer berserk.
You pass out from exhaustion.
You feel yourself slow down.
An ironheart preserver comes into view. It is wielding a morningstar.
The freezing wraith hits you. The freezing wraith freezes you!
The freezing wraith hits you. The freezing wraith drains your vigour!
You feel as though you will be slow longer.
A yaktaur captain comes into view.
The deep troll bites you but does no damage.
The deep troll claws you but does no damage.
The deep troll claws you.
A deep elf knight comes into view.
The ogre hits you but does no damage. The cyclops hits you!
The freezing wraith hits you! The freezing wraith freezes you!!
* * * LOW HITPOINT WARNING * * *
The freezing wraith barely misses you.
The deep troll bites you but does no damage.
The deep troll claws you but does no damage. x2
A deep troll comes into view.
A deep elf knight comes into view. It is wielding a short sword.
The cyclops hits you but does no damage.
The ogre hits you with a giant spiked club.
* * * LOW HITPOINT WARNING * * *
The freezing wraith hits you but does no damage.
The freezing wraith hits you.
* * * LOW HITPOINT WARNING * * *
The deep troll bites you but does no damage.
The deep troll claws you.
* * * LOW HITPOINT WARNING * * *
The deep troll claws you but does no damage.
A skeletal warrior comes into view. It is wielding a dire flail.
A deep elf archer comes into view. It is wielding a dagger.
The freezing wraith hits you but does no damage.
The freezing wraith hits you.
* * * LOW HITPOINT WARNING * * *
The freezing wraith drains your vigour!
You feel as though you will be slow longer.
The cyclops hits you but does no damage.
The deep troll bites you but does no damage.
The deep troll claws you.
* * * LOW HITPOINT WARNING * * *
The deep troll claws you but does no damage.
The ogre hits you but does no damage.
The freezing wraith hits you but does no damage. x2
The deep troll bites you but does no damage.
The deep troll claws you.
* * * LOW HITPOINT WARNING * * *
The deep troll claws you.
* * * LOW HITPOINT WARNING * * *
You can move again.
You now have 8/131 hp.
As you read the scroll of teleportation, it crumbles to dust.
You feel strangely unstable. You block the ogre's attack.
An orc comes into view. It is wielding a trident.
A troll comes into view.
You block the freezing wraith's attack. x2; You block the cyclops's attack.
The deep troll barely misses you. The deep troll claws you!
You die...

.oT...........
.............
....z.....e.#
............#
.....c....e.#
.......e.e..+ ..
.....zOTC...# ..
...T.p)@WC..#
...
#########...#
....
#.?.#+######....
#...............
#...............
#..######'##+###
#..#...........#
#..#...........#
#./#...........#


You could see an ironheart preserver, a yaktaur captain, 2 skeletal warriors, 2
deep trolls, 2 deep elf archers, 2 deep elf knights, 2 cyclopes, a freezing
wraith, a troll, an ogre and an orc.

Vanquished Creatures
  Arachne (Spider:2)
  Nikola (Swamp:4)
  Asterion (Vaults:1)
  Rupert (Lair:3)
  A sphinx (Vaults:2)
  5 thorn hunters
  Agnes (Spider:2)
  Frances (Swamp:2)
  Aizul (Swamp:2)
  A vault warden (Vaults:2)
  Louise (Swamp:2)
  4 ghost moths (Spider:4)
  3 emperor scorpions (Spider:4)
  7 ironheart preservers
  A deep elf demonologist (Vaults:1)
  A minotaur (Lab)
  3 dire elephants (Lair:6)
  A spark wasp (Spider:4)
  A deep elf annihilator (Vaults:1)
  3 fire dragons
  13 hydras
  A rakshasa (D:14)
  4 vault guards (D:13)
  3 catoblepae
  6 centaur warriors
  17 alligators
  An alligator (shapeshifter) (Vaults:1)
  4 ghost crabs
  An anaconda (Lair:6)
  6 ogre magi
  30 two-headed ogres
  A death yak (Spider:4)
  An orc high priest (Orc:2)
  A deep troll shaman (Vaults:1)
  A sixfirhy (D:7)
  The ghost of Thaneod the Cleaver, a novice VSFi of Trog (D:8)
  A fire crab (Swamp:4)
  A shadow wraith (Vaults:2)
  2 unseen horrors
  12 deep trolls
  3 wizards
  A deep elf archer (Vaults:1)
  13 swamp dragons
  A necromancer (IceCv)
  6 ironbrand convokers (Vaults:1)
  6 harpies
  A lindwurm (Swamp:4)
  12 ugly things
  38 wolf spiders
  8 orb spiders
  6 deep elf magi
  4 orc knights
  2 manticores
  2 moths of wrath
  7 cyclopes
  15 elephants
  A vault sentinel (Vaults:2)
  A guardian serpent (D:11)
  2 ice statues (IceCv)
  7 black mambas
  Psyche (D:10)
  A gargoyle (D:15)
  4 meliai
  A torpor snail (Spider:1)
  10 yaktaurs
  3 rime drakes
  3 centaur skeletons (D:15)
  13 spiny frogs
  A redback zombie (D:15)
  8 komodo dragons
  A tengu conjurer (D:13)
  17 demonic crawlers
  A freezing wraith (Vaults:1)
  An efreet (D:15)
  5 ice devils (IceCv)
  9 tyrant leeches
  29 jumping spiders
  10 slime creatures
  23 blink frogs
  6 hornets
  A queen bee (Lair:2)
  11 trolls
  Grinder (D:3)
  A polar bear (Lair:6)
  11 hippogriffs
  5 bog bodies
  A meliai zombie (D:15)
  29 tarantellas
  41 yaks
  A shadow (Swamp:3)
  2 wraiths
  64 redbacks
  Sigmund (D:3)
  Eustachio (D:6)
  9 wyverns
  8 basilisks
  19 vampire mosquitoes
  3 steam dragons
  4 hungry ghosts
  9 swamp worms
  5 wargs
  8 insubstantial wisps
  An acid dragon (D:15)
  14 water moccasins
  7 porcupines
  12 swamp drakes
  10 ice beasts
  5 sky beasts
  A black bear (D:8)
  19 orc warriors
  6 phantoms
  A hornet zombie (D:15)
  38 ogres
  A necrophage (D:11)
  8 centaurs
  5 crocodiles
  6 wolves
  2 big kobolds
  13 bullfrogs
  A gnoll sergeant (D:10)
  A wyvern skeleton (D:8)
  A water moccasin skeleton (D:8)
  35 killer bees
  3 scorpions
  A wight (D:13)
  A howler monkey (D:5)
  2 electric eels
  9 crimson imps
  3 centaur zombies
  A lava snake (Swamp:4)
  3 draconian simulacra (IceCv)
  4 hounds
  2 quasits
  11 orc wizards
  Crazy Yiuf (D:3)
  22 jellies
  10 orc priests
  2 iguanas
  2 hell rats (Lair:5)
  16 worker ants
  A troll simulacrum (IceCv)
  2 centaur simulacra (IceCv)
  The ghost of erloom the Insei, a weakling DsTm (D:4)
  2 hound zombies
  A hound skeleton (D:7)
  15 gnolls
  6 adders
  3 naga simulacra (IceCv)
  11 river rats (Lair:5)
  An ogre simulacrum (IceCv)
  5 shadow imps
  An ooze (Lair:5)
  3 adder skeletons
  An adder zombie (D:7)
  4 worms
  2 dart slugs
  5 leopard geckos
  83 orcs
  8 bats
  6 giant cockroaches
  8 goblins
  9 hobgoblins
  5 jackals
  13 kobolds
  4 quokkas
  6 frilled lizards
  A leopard gecko skeleton (D:4)
  7 rats
  A fungus (Lair:6)
  A plant (Lair:6)
1160 creatures vanquished.

Vanquished Creatures (collateral kills)
  A fire dragon (Swamp:3)
  A shambling mangrove (Swamp:3)
  A meliai (Spider:4)
  3 hornets (Swamp:3)
  An orc warrior (Orc:2)
  2 ogres (Orc:2)
  A crocodile (Lair:2)
  A killer bee (Lair:2)
  3 orcs (Orc:2)
14 creatures vanquished.

Vanquished Creatures (others)
  A two-headed ogre (D:13)
  A hydra (Swamp:4)
  An alligator (Swamp:1)
  A lindwurm (Swamp:4)
  A harpy (Vaults:2)
  A meliai (Spider:4)
  A bog body (Swamp:4)
  A hornet (Swamp:4)
  A steam dragon (Swamp:4)
  An insubstantial wisp (Swamp:3)
  2 swamp drakes (Swamp:4)
  2 centaurs (D:7)
  A killer bee (Lair:2)
  14 fungi
  35 plants
64 creatures vanquished.

Grand Total: 1238 creatures vanquished

Notes
Turn   | Place    | Note
-------+----------+-------------------------------------------
     0 | D:1      | mhoghedin the Kobold Fighter began the quest for the Orb.
     0 | D:1      | Reached XP level 1. HP: 14/14 MP: 1/1
   133 | D:1      | Reached skill level 2 in Maces & Flails
   133 | D:1      | Reached XP level 2. HP: 14/19 MP: 2/2
   135 | D:1      | Reached skill level 1 in Dodging
   528 | D:1      | HP: 4/19 [gnoll/spear (8)]
   529 | D:1      | Reached XP level 3. HP: 5/24 MP: 3/3
  1484 | D:2      | Reached skill level 2 in Dodging
  1549 | D:2      | Found a faded altar of an unknown god.
  1578 | D:2      | Reached skill level 4 in Fighting
  1590 | D:2      | Became a worshipper of Warmaster Okawaru
  1590 | D:2      | Reached * piety under Okawaru
  1632 | D:2      | Reached XP level 4. HP: 29/29 MP: 4/4
  2093 | D:3      | Found a bloodstained altar of Trog.
  2207 | D:3      | Noticed Grinder
  2208 | D:3      | Paralysed by Grinder for 6 turns
  2223 | D:3      | Killed Grinder
  2223 | D:3      | Reached ** piety under Okawaru
  2223 | D:3      | Reached skill level 5 in Fighting
  2223 | D:3      | Reached skill level 3 in Maces & Flails
  2223 | D:3      | Reached skill level 3 in Dodging
  2223 | D:3      | Reached XP level 5. HP: 15/35 MP: 5/5
  2223 | D:3      | Reached XP level 6. HP: 17/40 MP: 6/6
  2429 | D:3      | Found a sparkling altar of Nemelex Xobeh.
  2451 | D:3      | Found a blossoming altar of Fedhas.
  2481 | D:3      | Found a snail-covered altar of Cheibriados.
  2509 | D:3      | Noticed Sigmund
  2512 | D:3      | Killed Sigmund
  2512 | D:3      | Reached *** piety under Okawaru
  2512 | D:3      | Reached skill level 4 in Dodging
  2512 | D:3      | Reached skill level 1 in Invocations
  2512 | D:3      | Reached XP level 7. HP: 38/44 MP: 7/7
  2671 | D:3      | Found an opulent altar of Gozag.
  2715 | D:3      | Found a runed door.
  2825 | D:3      | Noticed Crazy Yiuf
  2832 | D:3      | Killed Crazy Yiuf
  3019 | D:4      | HP: 11/44 [sky beast (6)]
  3272 | D:4      | Reached skill level 4 in Maces & Flails
  3272 | D:4      | Reached skill level 3 in Armour
  3272 | D:4      | Reached skill level 3 in Shields
  3272 | D:4      | Reached skill level 2 in Invocations
  3288 | D:4      | Reached XP level 8. HP: 14/51 MP: 6/9
  3357 | D:4      | Noticed erloom's ghost (weakling DsTm)
  3374 | D:4      | Killed erloom's ghost
  3678 | D:4      | Reached skill level 5 in Dodging
  3721 | D:4      | Reached skill level 6 in Fighting
  3939 | D:4      | HP: 12/51 [ogre/giant club (22)]
  3989 | D:4      | Reached skill level 3 in Invocations
  4410 | D:5      | Entered Level 5 of the Dungeon
  4452 | D:5      | Found Pufijil's Magic Scroll Emporium.
  4597 | D:5      | Found an iron altar of Okawaru.
  5074 | D:5      | Reached XP level 9. HP: 52/55 MP: 11/11
  5286 | D:6      | Noticed Eustachio
  5337 | D:6      | Killed Eustachio
  5443 | D:6      | You fall through a shaft for 3 floors!
  5454 | D:9      | Reached **** piety under Okawaru
  5454 | D:9      | Reached skill level 4 in Armour
  5462 | D:8      | Noticed a two-headed ogre
  5470 | D:8      | Killed a two-headed ogre
  5470 | D:8      | Reached skill level 7 in Fighting
  5470 | D:8      | Reached skill level 5 in Maces & Flails
  5470 | D:8      | Reached skill level 6 in Dodging
  5470 | D:8      | Reached skill level 4 in Shields
  5470 | D:8      | Reached skill level 4 in Invocations
  6013 | D:8      | Found a glowing golden altar of the Shining One.
  6338 | D:8      | Found a white marble altar of Elyvilon.
  6384 | D:8      | Noticed a two-headed ogre
  6392 | D:8      | Killed a two-headed ogre
  6392 | D:8      | Reached ***** piety under Okawaru
  6392 | D:8      | Reached skill level 7 in Dodging
  6392 | D:8      | Reached skill level 5 in Invocations
  6392 | D:8      | Reached XP level 10. HP: 38/63 MP: 10/13
  6679 | D:8      | Noticed a two-headed ogre
  6701 | D:8      | Killed a two-headed ogre
  6701 | D:8      | Reached skill level 6 in Maces & Flails
  6701 | D:8      | Reached skill level 5 in Armour
  6701 | D:8      | Reached skill level 5 in Shields
  6967 | D:8      | Noticed Thaneod's ghost (novice VSFi)
  6990 | D:8      | Killed Thaneod's ghost
  6990 | D:8      | Reached skill level 8 in Fighting
  6990 | D:8      | Reached skill level 6 in Invocations
  7149 | D:7      | Found a runed door.
  7149 | D:7      | Noticed a sixfirhy
  7214 | D:7      | Killed a sixfirhy
  7214 | D:7      | Reached skill level 8 in Dodging
  7214 | D:7      | Reached XP level 11. HP: 67/68 MP: 8/15
  7352 | D:7      | Reached skill level 1 in Long Blades
  8024 | D:6      | Reached skill level 2 in Long Blades
  8283 | D:6      | Found a staircase to the Ecumenical Temple.
  8564 | D:7      | Found a glowing silver altar of Zin.
  8722 | D:9      | Reached skill level 3 in Long Blades
  8845 | D:9      | Reached skill level 4 in Long Blades
  8939 | D:9      | Got a pitted chain mail
  8950 | D:9      | Identified the cursed +0 chain mail "Meigrin" {Dex+3} (You found it on level 9 of the Dungeon)
  9320 | D:9      | Found a radiant altar of Vehumet.
  9369 | D:10     | Entered Level 10 of the Dungeon
  9398 | D:10     | Noticed Psyche
  9404 | D:10     | Killed Psyche
  9404 | D:10     | Reached skill level 5 in Long Blades
  9497 | D:10     | Received a gift from Okawaru
 10009 | D:10     | Found a staircase to the Orcish Mines.
 10179 | D:10     | Found a staircase to the Lair.
 10301 | Lair:1   | Entered Level 1 of the Lair of Beasts
 10318 | Lair:1   | Reached skill level 6 in Long Blades
 10458 | Lair:1   | Reached skill level 1 in Evocations
 10844 | Lair:1   | Noticed an elephant
 10844 | Lair:1   | Noticed an elephant
 10844 | Lair:1   | Noticed an elephant
 10845 | Lair:1   | Noticed an elephant
 10846 | Lair:1   | Noticed an elephant
 10861 | Lair:1   | Killed an elephant
 10861 | Lair:1   | Reached skill level 2 in Evocations
 10863 | Lair:1   | Killed an elephant
 10863 | Lair:1   | Reached XP level 12. HP: 56/75 MP: 9/16
 10875 | Lair:1   | Reached skill level 6 in Armour
 10885 | Lair:1   | Reached skill level 3 in Evocations
 11099 | Lair:1   | Reached skill level 6 in Shields
 11554 | Lair:2   | Reached skill level 9 in Fighting
 11558 | Lair:2   | Received a gift from Okawaru
 11558 | Lair:2   | Reached skill level 9 in Dodging
 11947 | Lair:2   | Noticed a five-headed hydra
 11951 | Lair:2   | Killed a five-headed hydra
 11951 | Lair:2   | Reached skill level 4 in Evocations
 12463 | Lair:2   | HP: 17/76 [yak (11)]
 12464 | Lair:2   | Reached skill level 7 in Long Blades
 12489 | Lair:2   | HP: 12/76 [rime drake/flash freeze (9)]
 12506 | Lair:2   | Reached skill level 5 in Evocations
 13430 | Lair:2   | Reached XP level 13. HP: 81/81 MP: 17/17
 13653 | Lair:2   | Received a gift from Okawaru
 13817 | Lair:3   | Found a staircase to the Swamp.
 13862 | Lair:3   | Reached skill level 10 in Dodging
 13866 | Lair:3   | Reached skill level 7 in Armour
 13888 | Lair:3   | Reached skill level 7 in Shields
 13891 | Lair:3   | Found a labyrinth entrance.
 13913 | Lab      | Entered a labyrinth
 14178 | Lab      | Reached skill level 10 in Fighting
 14238 | Lab      | Noticed a minotaur
 14250 | Lab      | Killed a minotaur
 14495 | Lair:3   | Got a flickering marble ring
 14664 | Lair:3   | Found a hole to the Spider Nest.
 14916 | Lair:3   | Noticed Rupert
 16099 | Lair:5   | Found a staircase to the Slime Pits.
 16395 | Lair:5   | Noticed a catoblepas
 16401 | Lair:5   | Killed a catoblepas
 16509 | Lair:5   | Reached skill level 8 in Long Blades
 16653 | Lair:5   | Received a gift from Okawaru
 16894 | Lair:5   | Noticed a four-headed hydra
 16898 | Lair:5   | Killed a four-headed hydra
 16898 | Lair:5   | Reached skill level 11 in Dodging
 16935 | Lair:6   | Entered Level 6 of the Lair of Beasts
 16935 | Lair:6   | Noticed a six-headed hydra
 16969 | Lair:6   | Killed a seven-headed hydra
 16982 | Lair:6   | Reached XP level 14. HP: 38/88 MP: 14/18
 17035 | Lair:6   | HP: 22/88 [blink frog (15)]
 17040 | Lair:5   | Upgraded the game from 0.22-a0-402-ga933591 to 0.22-a0-422-g9628fc8
 17379 | Lair:6   | Reached skill level 8 in Armour
 17424 | Lair:6   | Reached skill level 11 in Fighting
 17426 | Lair:6   | Reached skill level 8 in Shields
 17580 | Lair:6   | Identified the cursed ring of Winter {*Drain Int+4 Dex-3 SInv} (You found it on level 3 of the Lair of Beasts)
 17595 | Lair:6   | HP: 10/90 [komodo dragon (16)]
 18486 | Lair:6   | Received a gift from Okawaru
 18811 | Lair:6   | Noticed a dire elephant
 18811 | Lair:6   | Noticed a dire elephant
 18823 | Lair:6   | Killed a dire elephant
 18828 | Lair:6   | Killed a dire elephant
 18828 | Lair:6   | Received a gift from Okawaru
 19030 | Lair:6   | Noticed a dire elephant
 19080 | Lair:6   | Killed a dire elephant
 19080 | Lair:6   | Reached skill level 12 in Dodging
 19266 | Lair:6   | Reached skill level 9 in Long Blades
 19374 | Swamp:1  | Entered Level 1 of the Swamp
 19374 | Swamp:1  | Noticed a thorn hunter
 19386 | Swamp:1  | Killed a thorn hunter
 19433 | Swamp:1  | Identified 2 scrolls of acquirement
 19538 | Swamp:1  | Upgraded the game from 0.22-a0-422-g9628fc8 to 0.22-a0-423-g4197694
 20219 | Swamp:1  | Reached skill level 9 in Armour
 20219 | Swamp:1  | Reached XP level 15. HP: 96/96 MP: 19/19
 20253 | Swamp:1  | Reached skill level 12 in Fighting
 20316 | Swamp:1  | Noticed a thorn hunter
 20342 | Swamp:1  | Killed a thorn hunter
 20342 | Swamp:1  | Reached skill level 9 in Shields
 21055 | Swamp:2  | Noticed Louise
 21082 | Swamp:2  | Received a gift from Okawaru
 21087 | Swamp:2  | HP: 24/96 [poisoned by Louise (sting)]
 21377 | Swamp:2  | Killed Louise
 21804 | Swamp:2  | Got a sparkling marble ring
 21805 | Swamp:2  | Identified the ring of Totiegatz {rN+ MR+} (You found it on level 2 of the Swamp)
 21875 | Swamp:2  | Noticed Frances
 21962 | Swamp:2  | Killed Frances
 22227 | Swamp:2  | Noticed Aizul
 22254 | Swamp:2  | Killed Aizul
 22551 | Swamp:2  | Reached skill level 13 in Dodging
 23376 | Swamp:3  | Upgraded the game from 0.22-a0-423-g4197694 to 0.22-a0-425-g89d60a1
 23380 | Swamp:3  | Received a gift from Okawaru
 23564 | Swamp:3  | Noticed a thorn hunter
 23579 | Swamp:3  | Killed a thorn hunter
 23956 | Swamp:3  | Reached skill level 10 in Long Blades
 24444 | Swamp:4  | Entered Level 4 of the Swamp
 24444 | Swamp:4  | Noticed Roxanne
 24444 | Swamp:4  | Noticed a thorn hunter
 24603 | Swamp:4  | Reached XP level 16. HP: 45/103 MP: 20/20
 25085 | Swamp:4  | Reached skill level 13 in Fighting
 25097 | Swamp:4  | Received a gift from Okawaru
 25104 | Swamp:4  | Reached skill level 10 in Armour
 25435 | Swamp:4  | Noticed a thorn hunter
 25446 | Swamp:3  | Reached skill level 10 in Shields
 25452 | Swamp:3  | Received a gift from Okawaru
 25455 | Swamp:3  | Got a spiked cloak {god gift}
 25466 | Swamp:3  | Identified the +0 cloak of Plog {+Fly rC+ MR-} (Okawaru gifted it to you on level 3 of the Swamp)
 25609 | Swamp:3  | Gained mutation: You expend magic power (3 MP) to strengthen your wands. [potion of mutation]
 25609 | Swamp:3  | Gained mutation: You are frail. (-10% HP) [potion of mutation]
 25609 | Swamp:3  | Gained mutation: Your mind is acute. (Int +2) [potion of mutation]
 25610 | Swamp:3  | Lost mutation: You are frail. (-10% HP) [potion of mutation]
 25610 | Swamp:3  | Lost mutation: You expend magic power (3 MP) to strengthen your wands. [potion of mutation]
 25610 | Swamp:3  | Gained mutation: Your movements are slightly less encumbered by armour. (ER -2) [potion of mutation]
 25610 | Swamp:3  | Lost mutation: Your mind is acute. (Int +2) [potion of mutation]
 25610 | Swamp:3  | Gained mutation: You have a pair of small antennae on your head. [potion of mutation]
 25610 | Swamp:3  | Gained mutation: Your muscles are strong. (Str +2) [potion of mutation]
 25611 | Swamp:3  | Lost mutation: You have a pair of small antennae on your head. [potion of mutation]
 25611 | Swamp:3  | Lost mutation: Your muscles are strong. (Str +2) [potion of mutation]
 25611 | Swamp:3  | Gained mutation: You are somewhat resistant to further mutation. [potion of mutation]
 25611 | Swamp:3  | Gained mutation: You are partially covered in slimy green scales. (AC +2) [potion of mutation]
 25627 | Swamp:4  | Killed a thorn hunter
 25762 | Swamp:4  | Noticed Nikola
 25975 | Swamp:4  | Reached skill level 14 in Dodging
 26170 | Swamp:4  | Killed a thorn hunter
 26216 | Swamp:4  | Killed Nikola
 26298 | Swamp:4  | Got a decaying rune of Zot
 26460 | Lair:3   | Paralysed by Rupert for 6 turns
 26473 | Lair:3   | Killed Rupert
 26908 | Spider:1 | Entered Level 1 of the Spider Nest
 27401 | Spider:1 | Received a gift from Okawaru
 27404 | Spider:1 | Got a polished scimitar {god gift}
 27405 | Spider:1 | Identified the +5 scimitar of Recklessness {holy, Int+2} (Okawaru gifted it to you on level 1 of the Spider Nest)
 27749 | Spider:2 | Reached XP level 17. HP: 93/110 MP: 18/21
 27793 | Spider:2 | Noticed Agnes
 27797 | Spider:2 | Killed Agnes
 27978 | Spider:2 | Reached skill level 6 in Evocations
 28058 | Spider:2 | Reached skill level 7 in Evocations
 28067 | Spider:2 | Noticed Arachne
 28097 | Spider:2 | Killed Arachne
 28097 | Spider:2 | Reached ****** piety under Okawaru
 28097 | Spider:2 | Reached skill level 8 in Evocations
 28341 | Spider:2 | Reached skill level 9 in Evocations
 28860 | Spider:3 | Received a gift from Okawaru
 28878 | Spider:3 | Reached skill level 10 in Evocations
 28919 | Spider:3 | HP: 27/110 [poisoned by a wolf spider]
 28924 | Spider:3 | HP: 27/110 [poisoned by a wolf spider]
 28930 | Spider:3 | HP: 27/110 [poisoned by a wolf spider]
 29241 | Spider:3 | Reached skill level 7 in Invocations
 29817 | Spider:4 | Entered Level 4 of the Spider Nest
 30114 | Spider:4 | Reached skill level 8 in Invocations
 30208 | Spider:4 | Upgraded the game from 0.22-a0-439-gac93bac to 0.22-a0-441-gcf5b0c6
 30272 | Spider:3 | HP: 23/110 [meliai/war axe (9)]
 30830 | Spider:4 | Reached skill level 11 in Long Blades
 31002 | Spider:4 | Reached skill level 14 in Fighting
 31209 | Spider:4 | Reached XP level 18. HP: 108/116 MP: 25/25
 31310 | Spider:4 | Reached skill level 11 in Evocations
 31361 | Spider:4 | Received a gift from Okawaru
 31367 | Spider:4 | Got a pair of smoking boots {god gift}
 31401 | Spider:4 | Identified the +1 pair of boots of Joy {-Cast *Corrode rF+++ Int+5} (Okawaru gifted it to you on level 4 of the Spider Nest)
 31506 | Spider:4 | Reached skill level 12 in Evocations
 31615 | Spider:4 | Got a gossamer rune of Zot
 31907 | Orc:1    | Entered Level 1 of the Orcish Mines
 31964 | Orc:2    | Entered Level 2 of the Orcish Mines
 31964 | Orc:2    | Found Ujumyokh's General Store.
 31998 | Orc:2    | Reached skill level 13 in Evocations
 32188 | Orc:2    | Reached skill level 14 in Evocations
 32236 | Orc:2    | Found Keskouc's Antique Weapon Emporium.
 32307 | Orc:2    | Found Huopreb's Magic Scroll Boutique.
 32308 | Orc:2    | Found Poocwuf's Weapon Boutique.
 32316 | Orc:2    | Bought a scroll of acquirement for 676 gold pieces
 32316 | Orc:2    | Bought a scroll of enchant armour for 97 gold pieces
 32316 | Orc:2    | Bought a scroll of enchant weapon for 97 gold pieces
 32316 | Orc:2    | Bought a scroll of summoning for 123 gold pieces
 32316 | Orc:2    | Bought a scroll of enchant weapon for 97 gold pieces
 32330 | Orc:2    | Identified a +0 pair of boots of running (You acquired it on level 2 of the Orcish Mines)
 32579 | Orc:2    | Found a roughly hewn altar of Beogh.
 32622 | Orc:2    | Found a staircase to the Elven Halls.
 33020 | D:11     | Upgraded the game from 0.22-a0-441-gcf5b0c6 to 0.22-a0-443-g17c3723
 33868 | D:12     | Reached skill level 11 in Armour
 33876 | D:12     | Found the +8 mithril axe "Arga" {speed, MR+}
 33926 | D:12     | Received a gift from Okawaru
 34470 | D:13     | Reached skill level 11 in Shields
 34531 | D:13     | Found a gate to the Vaults.
 34565 | D:13     | Reached skill level 15 in Dodging
 34670 | D:13     | Found a frozen archway.
 34713 | IceCv    | Entered an ice cave
 34732 | IceCv    | Reached XP level 19. HP: 111/122 MP: 29/29
 34858 | IceCv    | Got a pair of fine boots
 35001 | IceCv    | Identified the +1 pair of boots of Misanthropy {Int+4 Dex+2} (You found it in an ice cave)
 36010 | D:14     | Found a snail-covered altar of Cheibriados.
 36173 | D:15     | Entered Level 15 of the Dungeon
 36214 | D:15     | Found Fawuot's Magic Scroll Boutique.
 36403 | D:15     | Bought a scroll of enchant armour for 105 gold pieces
 36403 | D:15     | Bought a scroll of blinking for 105 gold pieces
 36580 | D:15     | Found a staircase to the Depths.
 36712 | D:15     | Received a gift from Okawaru
 36885 | Vaults:1 | Entered Level 1 of the Vaults
 36954 | Vaults:1 | Received a gift from Okawaru
 37181 | Vaults:1 | Reached skill level 15 in Fighting
 37277 | Vaults:1 | Paralysed by a wizard for 7 turns
 37550 | Vaults:1 | Paralysed by a hornet for 1 turns
 37581 | Vaults:1 | Reached skill level 16 in Dodging
 37853 | Vaults:1 | Reached skill level 12 in Armour
 37946 | Vaults:1 | Received a gift from Okawaru
 38016 | Vaults:1 | Reached skill level 12 in Shields
 38060 | Vaults:1 | Reached XP level 20. HP: 127/130 MP: 30/30
 38521 | Vaults:1 | Found Goas's Magic Scroll Emporium.
 38535 | Vaults:1 | Noticed Asterion
 38548 | Vaults:1 | Killed Asterion
 38857 | Vaults:2 | HP: 28/131 [freezing wraith (5)]
 38859 | Vaults:2 | HP: 11/131 [deep troll[an ironheart preserver] (6)]
 38860 | Vaults:2 | Slain by a deep troll

Vault maps used:
D:1:      minmay_arrival_nine_rooms, hex_large
D:2:      chequers_ecumenical_altar_simple
D:3:      nicolae_overflow_hidden_temple, nicolae_overflow_crystal_walls,
          overflow_temple_1_default, nemelex_xobeh_ov_fountains_minmay,
          nicolae_gozag_cash_rules_everything_around_me, uniq_grinder,
          uniq_crazy_yiuf_cottage, uniq_sigmund
D:4:      kennysheep_nub
D:5:      serial_shops, shop, first_ration, okawaru_altar_gauntlet_db
D:6:      minmay_temple_entry_hall, uniq_eustachio
D:7:      cheibrodos_shockbox, lemuel_crystal_altar, the_bakery, centaur_isle
D:8:      lemuel_crystal_altar, basic_altar
D:9:      marbit_many_paths
D:10:     lair_entry_dummy, orc_0_dummy, uniq_psyche
D:11:     nrook_guardian_serpent_double
D:12:     special_room
D:13:     lightli_vaults_fourway_checkpoint, portal_ice_cave_entry_ice_beasts
D:14:     hangedman_decor_points, cheibriados_altar_1
D:15:     grunt_enter_depths_hoard, serial_park_square3, serial_shops, shop
Lair:2:   regret_index_bee_streams, serial_bayou_shore_b
Lair:3:   swamp_mist_pool, spider_nest_entry_rubble, lab_entry_generic,
          serial_bayou_lagoon_b, lemuel_fruit_fields, uniq_rupert
Lair:4:   serial_bayou_pond_b
Lair:5:   minmay_slime_entry_jelly_boxes, kennysheep_rathole
Lair:6:   due_jungle_book
Swamp:1:  evilmike_swamp_ruin_rubble_1
Swamp:2:  evilmike_swamp_ruin_house_6, swamp_pool1, uniq_louise, uniq_frances,
          uniq_aizul
Swamp:3:  hangedman_swamp_blocks
Swamp:4:  swamp_fiery, swamp_pool3, uniq_roxanne, uniq_nikola
Spider:2: nicolae_arachne_temple, uniq_agnes
Spider:4: grunt_spider_rune_island, hive_lemuel, uniq_jorgrun
Orc:1:    basic_altar, serial_shops, nicolae_shop_crystal, uniq_nergalle
Orc:2:    st_orc_open, kennysheep_orc_chapel
Vaults:1: nicolae_vaults_mini_display_case, hangedman_vaults_trim,
          hangedman_vaults_stream, hangedman_vaults_impose,
          nicolae_vaults_circle_grid_a, grunt_vaults_hallway_long,
          vaults_room_hangedman_quadrants, hangedman_vaults_trim, serial_shops,
          shop, uniq_asterion
Vaults:2: v_misc_3, ontoclasm_vaults_idyll, v_misc_9, grunt_vaults_bifocal,
          hangedman_vaults_corner_blocks, grunt_vaults_diagonal, v_misc_18,
          vaults_dpeg_hooks
Lab:      labyrinth_hidden_loot, nicolae_lab_lava, labyrinth_skeletal_remains,
          lab_statue
IceCv:    ice_cave_tombish

Skill      XL: |  1  2  3  4  5  6  7  8  9 10 11 12 13 14 15 16 17 18 19 |
---------------+----------------------------------------------------------+-----
Maces & Flails | 2 3 4 5 6 |  6.5
Dodging        | 1 2 3 4 5 7 8 9 11 12 13 14 15 16 | 16.6
Fighting       | 4 5 6 7 8 9 10 11 12 13 14 15 | 15.7
Invocations    | 1 2 3 5 6 8 |  8.4
Armour         | 3 4 5 6 7 9 10 11 12 | 12.3
Shields        | 3 4 5 6 7 8 9 10 11 12 | 12.3
Long Blades    | 6 7 8 9 10 11 | 11.1
Evocations     | 2 5 10 14 | 14.3

Action                   |  1- 3 |  4- 6 |  7- 9 | 10-12 | 13-15 | 16-18 | 19-21 || total
-------------------------+-------+-------+-------+-------+-------+-------+-------++-------
Melee: Flail             |   115 |    97 |   367 |   106 |     7 |       |       ||   692
       Demon blade       |       |       |       |   574 |   930 |  1448 |   699 ||  3651
       Scimitar          |       |       |       |       |       |    11 |       ||    11
Throw: Tomahawk          |       |       |     6 |       |     2 |       |       ||     8
Invok: Heroism           |       |       |    12 |    10 |    15 |    22 |     7 ||    66
       Finesse           |       |       |       |     4 |     6 |     5 |     1 ||    16
Evoke: Wand              |       |     6 |     5 |    14 |    33 |    56 |     8 ||   122
       Lightning rod     |       |       |       |     2 |     3 |     6 |       ||    11
       Box of beasts     |       |       |       |       |       |     3 |       ||     3
  Use: Scroll            |     4 |     2 |     6 |    15 |    13 |    15 |     4 ||    59
       Potion            |       |       |     3 |     6 |     8 |     8 |     1 ||    26
 Stab: Paralysed         |       |       |       |       |     2 |    12 |       ||    14
       Confused          |       |       |       |       |     2 |       |       ||     2
       Invisible         |       |       |       |       |       |     1 |       ||     1
       Petrified         |       |       |       |       |       |     2 |       ||     2
  Eat: Chunk             |     6 |       |    19 |    26 |    26 |    19 |    14 ||   110
       Ration            |       |       |       |       |     3 |    10 |     2 ||    15
Armor: Scale mail        |    54 |    46 |   117 |    87 |   197 |    69 |       ||   570
       Skin              |       |       |       |     7 |       |       |       ||     7
       Chain mail        |       |       |       |   176 |    18 |       |       ||   194
       Swamp dragon scal |       |       |       |       |       |   291 |   129 ||   420
Dodge: Dodged            |    61 |    62 |   206 |   403 |   697 |  1205 |   480 ||  3114
Block: Shield            |    53 |       |   187 |   472 |   575 |  1070 |   456 ||  2813
       Buckler           |     5 |    37 |    16 |       |       |       |       ||    58
       Rpst.: Demon blade |       |       |       |    94 |   172 |   219 |   107 ||   592
       Scimitar          |       |       |       |       |       |     1 |       ||     1

Table legend:
 A = Spawn XP
 B = Non-spawn XP
 C = Spawn XP percentage of total XP
 D = Spawn monster count
 E = Non-spawn monster count
 F = Spawn count percentage of total count
 G = Total turns spent on level
                    A         B        C        D         E        F      G
               +---------+---------+-------+---------+---------+-------+---------
         Total |       0 |  365073 |   0.0 |       0 |    1178 |   0.0 | 38860
               +---------+---------+-------+---------+---------+-------+---------
           D:1 |       0 |      54 |   0.0 |       0 |      25 |   0.0 |  1316
           D:2 |       0 |      24 |   0.0 |       0 |      12 |   0.0 |   580
           D:3 |       0 |     584 |   0.0 |       0 |      28 |   0.0 |  1275
           D:4 |       0 |    1027 |   0.0 |       0 |      27 |   0.0 |  1239
           D:5 |       0 |     295 |   0.0 |       0 |      13 |   0.0 |   717
           D:6 |       0 |     543 |   0.0 |       0 |      12 |   0.0 |   912
           D:7 |       0 |    1767 |   0.0 |       0 |      33 |   0.0 |  1006
           D:8 |       0 |    4403 |   0.0 |       0 |      20 |   0.0 |  1734
           D:9 |       0 |    1753 |   0.0 |       0 |      23 |   0.0 |   791
          D:10 |       0 |    1808 |   0.0 |       0 |      25 |   0.0 |   804
          D:11 |       0 |    3148 |   0.0 |       0 |      39 |   0.0 |   901
          D:12 |       0 |    7979 |   0.0 |       0 |      49 |   0.0 |   831
          D:13 |       0 |   10746 |   0.0 |       0 |      39 |   0.0 |   884
          D:14 |       0 |   10266 |   0.0 |       0 |      37 |   0.0 |   572
          D:15 |       0 |   10885 |   0.0 |       0 |      29 |   0.0 |   648
        Lair:1 |       0 |    5527 |   0.0 |       0 |      21 |   0.0 |  1278
        Lair:2 |       0 |   10068 |   0.0 |       0 |      61 |   0.0 |  2245
        Lair:3 |       0 |    9366 |   0.0 |       0 |      33 |   0.0 |  1341
        Lair:4 |       0 |     767 |   0.0 |       0 |       3 |   0.0 |   829
        Lair:5 |       0 |    6567 |   0.0 |       0 |      44 |   0.0 |  1523
        Lair:6 |       0 |   21882 |   0.0 |       0 |      60 |   0.0 |  2067
       Swamp:1 |       0 |   13205 |   0.0 |       0 |      24 |   0.0 |  1831
       Swamp:2 |       0 |   16567 |   0.0 |       0 |      24 |   0.0 |  2158
       Swamp:3 |       0 |   15638 |   0.0 |       0 |      41 |   0.0 |  2096
       Swamp:4 |       0 |   28954 |   0.0 |       0 |      51 |   0.0 |   981
      Spider:1 |       0 |    7411 |   0.0 |       0 |      23 |   0.0 |   746
      Spider:2 |       0 |   24488 |   0.0 |       0 |      56 |   0.0 |   931
      Spider:3 |       0 |   13435 |   0.0 |       0 |      49 |   0.0 |  1694
      Spider:4 |       0 |   38710 |   0.0 |       0 |      76 |   0.0 |  1464
         Orc:1 |       0 |     403 |   0.0 |       0 |       2 |   0.0 |    79
         Orc:2 |       0 |   17356 |   0.0 |       0 |      61 |   0.0 |   689
      Vaults:1 |       0 |   61961 |   0.0 |       0 |      99 |   0.0 |  1911
      Vaults:2 |       0 |   11990 |   0.0 |       0 |      16 |   0.0 |    64
           Lab |       0 |    2072 |   0.0 |       0 |       5 |   0.0 |   382
         IceCv |       0 |    3424 |   0.0 |       0 |      18 |   0.0 |   341
               +---------+---------+-------+---------+---------+-------+---------

Vault maps used:
D:1:      minmay_arrival_nine_rooms, hex_large
D:2:      chequers_ecumenical_altar_simple
D:3:      nicolae_overflow_hidden_temple, nicolae_overflow_crystal_walls,
          overflow_temple_1_default, nemelex_xobeh_ov_fountains_minmay,
          nicolae_gozag_cash_rules_everything_around_me, uniq_grinder,
          uniq_crazy_yiuf_cottage, uniq_sigmund
D:4:      kennysheep_nub
D:5:      serial_shops, shop, first_ration, okawaru_altar_gauntlet_db
D:6:      minmay_temple_entry_hall, uniq_eustachio
D:7:      cheibrodos_shockbox, lemuel_crystal_altar, the_bakery, centaur_isle
D:8:      lemuel_crystal_altar, basic_altar
D:9:      marbit_many_paths
D:10:     lair_entry_dummy, orc_0_dummy, uniq_psyche
D:11:     nrook_guardian_serpent_double
D:12:     special_room
D:13:     lightli_vaults_fourway_checkpoint, portal_ice_cave_entry_ice_beasts
D:14:     hangedman_decor_points, cheibriados_altar_1
D:15:     grunt_enter_depths_hoard, serial_park_square3, serial_shops, shop
Lair:2:   regret_index_bee_streams, serial_bayou_shore_b
Lair:3:   swamp_mist_pool, spider_nest_entry_rubble, lab_entry_generic,
          serial_bayou_lagoon_b, lemuel_fruit_fields, uniq_rupert
Lair:4:   serial_bayou_pond_b
Lair:5:   minmay_slime_entry_jelly_boxes, kennysheep_rathole
Lair:6:   due_jungle_book
Swamp:1:  evilmike_swamp_ruin_rubble_1
Swamp:2:  evilmike_swamp_ruin_house_6, swamp_pool1, uniq_louise, uniq_frances,
          uniq_aizul
Swamp:3:  hangedman_swamp_blocks
Swamp:4:  swamp_fiery, swamp_pool3, uniq_roxanne, uniq_nikola
Spider:2: nicolae_arachne_temple, uniq_agnes
Spider:4: grunt_spider_rune_island, hive_lemuel, uniq_jorgrun
Orc:1:    basic_altar, serial_shops, nicolae_shop_crystal, uniq_nergalle
Orc:2:    st_orc_open, kennysheep_orc_chapel
Vaults:1: nicolae_vaults_mini_display_case, hangedman_vaults_trim,
          hangedman_vaults_stream, hangedman_vaults_impose,
          nicolae_vaults_circle_grid_a, grunt_vaults_hallway_long,
          vaults_room_hangedman_quadrants, hangedman_vaults_trim, serial_shops,
          shop, uniq_asterion
Vaults:2: v_misc_3, ontoclasm_vaults_idyll, v_misc_9, grunt_vaults_bifocal,
          hangedman_vaults_corner_blocks, grunt_vaults_diagonal, v_misc_18,
          vaults_dpeg_hooks
Lab:      labyrinth_hidden_loot, nicolae_lab_lava, labyrinth_skeletal_remains,
          lab_statue
IceCv:    ice_cave_tombish

Table legend:
 A = Turns spent in this place as a percentage of turns spent in the entire game.
 B = Non-inter-level travel turns spent in this place as a percentage of non-inter-level travel turns spent in the entire game.
 C = Inter-level travel turns spent in this place as a percentage of turns spent in this place.
 D = Turns resting spent in this place as a percentage of non-inter-level travel turns spent in this place.
 E = Turns spent auto-exploring this place as a percentage of non-inter-level travel turns spent in this place.
 F = Non-inter-level travel turns spent in this place divided by the number of levels of this place that you've seen.
                   A       B       C       D       E      F
               +-------+-------+-------+-------+-------+----------------------
         Total | 100.0 | 100.0 |   5.0 |  32.8 |  41.9 | 1055.3
       Dungeon |  36.6 |  36.1 |   6.2 |  24.0 |  52.1 | 888.9
          Lair |  23.9 |  24.0 |   4.6 |  37.1 |  42.1 | 1476.0
         Swamp |  18.2 |  18.4 |   3.8 |  52.7 |  26.8 | 1698.8
   Spider Nest |  12.4 |  12.4 |   5.4 |  28.2 |  37.5 | 1143.8
  Orcish Mines |   2.0 |   2.0 |   5.6 |  11.7 |  49.4 | 362.5
        Vaults |   5.1 |   5.2 |   2.5 |  22.9 |  39.1 | 963.0
     Labyrinth |   1.0 |   1.0 |   0.0 |  61.5 |   0.0 | 382.0
      Ice Cave |   0.9 |   0.9 |   0.0 |   0.0 |  40.5 | 341.0
               +-------+-------+-------+-------+-------+----------------------

Table legend:
 A = Kills in this place as a percentage of kills in entire the game.
 B = Kills by you in this place as a percentage of kills by you in the entire game.
 C = Kills by friends in this place as a percentage of kills by friends in the entire game.
 D = Other kills in this place as a percentage of other kills in the entire game.
 E = Experience gained in this place as a percentage of experience gained in the entire game.
 F = Experience gained in this place divided by the number of levels of this place that you have seen.
                   A       B       C       D       E      F
               +-------+-------+-------+-------+-------+----------------------
         Total | 100.0 | 100.0 | 100.0 | 100.0 | 100.0 | 10430.7
       Dungeon |  34.9 |  35.4 |   0.0 |  16.7 |  15.1 | 3685.5
          Lair |  18.8 |  19.0 |  14.3 |   0.0 |  14.8 | 9029.5
         Swamp |  11.9 |  11.3 |  35.7 |  66.7 |  20.4 | 18591.0
   Spider Nest |  17.3 |  17.5 |   7.1 |   0.0 |  23.0 | 21011.0
  Orcish Mines |   5.3 |   4.9 |  42.9 |   0.0 |   4.9 | 8879.5
        Vaults |   9.8 |   9.8 |   0.0 |  16.7 |  20.3 | 36975.5
     Labyrinth |   0.4 |   0.4 |   0.0 |   0.0 |   0.6 | 2072.0
      Ice Cave |   1.5 |   1.6 |   0.0 |   0.0 |   0.9 | 3424.0
               +-------+-------+-------+-------+-------+----------------------
